 Dungeon Crawl Stone Soup version 0.24-a0-269-g32ec7ca (webtiles) character file.

Game seed: 18346073542152200530

154 AngleWyrm the Caller (level 5, -11/35 HPs)
             Began as a Merfolk Summoner on Apr 22, 2019.
             Killed by divine providence
             ... invoked by an orc priest
              (16 damage)
             ... on level 3 of the Dungeon.
             The game lasted 00:31:18 (3360 turns).

AngleWyrm the Caller (Merfolk Summoner)             Turns: 3360, Time: 00:31:18

Health: -11/35     AC:  2    Str:  9    XL:     5   Next: 35%
Magic:  4/9        EV: 13    Int: 14    God:
Gold:   116        SH:  0    Dex: 15    Spells: 2/9 levels left

rFire    . . .     SeeInvis .   g - +0 short sword
rCold    . . .     Gourm    .   (no shield)
rNeg     . . .     Faith    .   f - +0 robe
rPois    .         Spirit   .   (no helmet)
rElec    .         Reflect  .   (no cloak)
rCorr    .         Harm     .   (no gloves)
MR       .....                  (no boots)
Stlth    ++........             (no amulet)
HPRegen  0.11/turn              (no ring)
MPRegen  0.11/turn              (no ring)

@: very slightly contaminated
A: change form in water, swift swim, stealthy swim
a: no special abilities


You were on level 3 of the Dungeon.
You were not hungry.

You visited 1 branch of the dungeon, and saw 3 of its levels.

You collected 116 gold pieces.

Inventory:

Hand Weapons
 a - a +0 hunting sling
 b - a +0 dagger
 g - a +0 short sword (weapon)
Missiles
 e - 88 stones (quivered)
 t - 18 arrows
Armour
 f - a +0 robe (worn)
Jewellery
 d - an uncursed ring of flight
Wands
 j - a wand of scattershot (5)
Scrolls
 h - a scroll of identify
 l - a scroll of teleportation
 m - a scroll of fog
 r - a scroll of fear
Potions
 s - a potion of might
Comestibles
 c - 6 rations


   Skills:
 + Level 0.2 Fighting
 * Level 2.4 Short Blades
 + Level 0.1 Throwing
 * Level 1.3 Armour
 + Level 3.0 Dodging
 + Level 2.6 Stealth
 + Level 2.8 Spellcasting
 + Level 4.7 Summonings


You had 2 spell levels left.
You knew the following spells:

 Your Spells              Type           Power        Failure   Level  Hunger
a - Summon Small Mammal   Summ           ###.         3%          1    #......
b - Call Imp              Summ           ###.....     4%          2    ###....
c - Call Canine Familiar  Summ           ###.....     10%         3    ###....
d - Confusing Touch       Hex            #.....       22%         1    #......

Your spell library contained the following spells:

 Spells                   Type           Power        Failure   Level  Hunger
 Summon Guardian Golem    Hex/Summ       #.......     26%         3    ###....
 Confuse                  Hex            #.......     54%         3    ###....
 Gell's Gravitas          Tloc           #.........   54%         3    ###....
 Summon Ice Beast         Ice/Summ       #.......     63%         4    #####..
 Summon Lightning Spire   Summ/Air       #.......     63%         4    #####..
 Petrify                  Tmut/Erth      #.......     91%         4    #####..
 Metabolic Englaciation   Hex/Ice        #.........   99%         5    ######.
 Yara's Violent Unravell  Hex/Tmut       #.........   99%         5    ######.


Dungeon Overview and Level Annotations

Branches:
Dungeon (3/15)

Altars:
Wu Jian


Message History

Casting: Call Imp (safe; 4% risk of failure)
Confirm with . or Enter, or press ? or * to list all spells.
A beastly little devil appears in a puff of frigid air.
The orc priest invokes the aid of Beogh against you.
Beogh smites you!
Casting: Call Imp (safe; 4% risk of failure)
Confirm with . or Enter, or press ? or * to list all spells.
You miscast Call Canine Familiar.
You are very lightly contaminated with residual magic.
Shadowy shapes form in the air around you, then vanish.
The orc closely misses you. x2
The orc priest mumbles some strange prayers to Beogh against you.
Beogh smites you! The orc hits you.
* * * LOW HITPOINT WARNING * * *
Your white imp hits the orc.
Your white imp freezes the orc.
The orc closely misses you. The orc hits you with a +0 flail.
* * * LOW HITPOINT WARNING * * *
The orc priest invokes the aid of Beogh against you.
Beogh smites you!
You die...

.....#........ #.
............. #.
......>..... #.
#.#.........
###(###.##...(....
#........#........
#................. #
#.......[##....... #.
#....@o..# .......
..##..5ooo..#........
.........o...........
#.#.##(..###........
#.......## ........
#..#..#...# ./.....
#. #...# ..%. #
#........ ...
......#..


You could see 2 orc priests, 3 orcs and a friendly white imp.

Vanquished Creatures
  An adder (D:2)
  A dart slug (D:3)
  A leopard gecko (D:2)
  An orc (D:2)
  2 bats (D:2)
  A giant cockroach (D:1)
  2 goblins
  A hobgoblin (D:2)
  A kobold (D:2)
  3 rats
14 creatures vanquished.

Vanquished Creatures (collateral kills)
  An ogre (D:2)
  Terence (D:3)
  5 adders
  An ooze (D:3)
  A worm (D:2)
  A dart slug (D:2)
  A leopard gecko (D:1)
  A giant cockroach (D:2)
  4 goblins (D:1)
  5 hobgoblins
  3 kobolds
  5 bats
  3 rats (D:1)
32 creatures vanquished.

Grand Total: 46 creatures vanquished

Notes
Turn   | Place    | Note
-------+----------+-------------------------------------------
     0 | D:1      | AngleWyrm the Merfolk Summoner began the quest for the Orb.
     0 | D:1      | Reached XP level 1. HP: 13/13 MP: 3/3
   412 | D:1      | Reached XP level 2. HP: 19/19 MP: 1/5
   416 | D:1      | Learned a level 2 spell: Call Imp
  1493 | D:2      | Reached XP level 3. HP: 17/24 MP: 3/6
  1698 | D:2      | Noticed an ogre
  1710 | D:2      | Killed an ogre
  1710 | D:2      | Reached skill level 1 in Short Blades
  1710 | D:2      | Reached skill level 1 in Armour
  1710 | D:2      | Reached XP level 4. HP: 9/30 MP: 1/7
  2007 | D:2      | Learned a level 3 spell: Call Canine Familiar
  2162 | D:2      | Found an ornate altar of the Wu Jian Council.
  2493 | D:2      | Learned a level 1 spell: Confusing Touch
  2616 | D:2      | Reached XP level 5. HP: 27/35 MP: 6/9
  2822 | D:3      | Noticed Terence
  2840 | D:3      | Killed Terence
  3360 | D:3      | Killed from afar by an orc priest

Levels and vault maps discovered:
D:1:      minmay_arrival_up_and_down, layout_basic
D:2:      layout_loops_ring, lemuel_coloured_pillars_altar
D:3:      layout_rooms, nemelex_xobeh_ov_fountains_minmay, first_ration,
          minmay_goblin_kobold_house, uniq_terence

Skill      XL: |  1  2  3  4  5 |
---------------+----------------+-----
Short Blades   | 1 2 |  2.4
Armour         | 1 |  1.3
Dodging        | 3 |  3.0
Fighting       | |  0.2
Throwing       | |  0.1
Stealth        | |  2.6
Spellcasting   | |  2.8
Summonings     | |  4.7

Action                   |  1- 3 |  4- 6 || total
-------------------------+-------+-------++-------
Melee: Dagger            |    18 |       ||    18
       Unarmed           |     4 |       ||     4
       Short sword       |    29 |    33 ||    62
Throw: Stone             |       |     7 ||     7
 Cast: Summon Small Mamm |    19 |       ||    19
       Call Imp          |    10 |     8 ||    18
       Call Canine Famil |       |     6 ||     6
       Confusing Touch   |       |     1 ||     1
  Use: Scroll            |     1 |     7 ||     8
       Potion            |       |     4 ||     4
 Stab: Distracted        |     1 |       ||     1
       Sleeping          |       |     1 ||     1
  Eat: Chunk             |     3 |     3 ||     6
       Ration            |       |     1 ||     1
Armor: Robe              |    16 |     7 ||    23
Dodge: Dodged            |    46 |    53 ||    99

Table legend:
 A = Non-vault XP
 B = Vault XP
 C = Vault XP percentage of total XP
 D = Non-vault monster count
 E = Vault monster count
 F = Vault count percentage of total count
                 A         B        C        D         E       F
            +---------+---------+-------+---------+---------+-------
      Total |     201 |      19 |   8.6 |      45 |       1 |   2.2
            +---------+---------+-------+---------+---------+-------
        D:1 |      22 |       0 |   0.0 |      19 |       0 |   0.0
        D:2 |     161 |       0 |   0.0 |      21 |       0 |   0.0
        D:3 |      18 |      19 |  51.4 |       5 |       1 |  16.7
            +---------+---------+-------+---------+---------+-------
